 Dungeon Crawl Stone Soup version 0.29.1-13-g9f3cf754e1 (webtiles) character file.

Game seed: 6369660297998869850

2116 BeingJoeMalik the Summoner (level 9, -11/44 HPs)
             Began as a Tengu Summoner on Feb 3, 2023.
             Was a Believer of Hepliaklqana.
             Killed from afar by a steam dragon (15 damage)
             ... with a ball of steam
             ... on level 7 of the Dungeon.
             The game lasted 00:38:24 (9204 turns).

BeingJoeMalik the Summoner (Tengu Summoner)         Turns: 9204, Time: 00:38:25

Health: -11/44     AC:  6    Str:  9    XL:     9   Next: 29%
Magic:  16/21      EV: 14    Int: 19    God:    Hepliaklqana [**....]
Gold:   320        SH:  0    Dex: 15    Spells: 16/22 levels left

rFire   . . .      SeeInvis .   k - +1 spear (venom)
rCold   . . .      Faith    .   (no shield)
rNeg    + . .      Spirit   .   a - +0 robe
rPois   .          Reflect  .   (helmet restricted)
rElec   .          Harm     .   j - +0 cloak
rCorr   .          Rampage  .   n - +2 pair of gloves
Will    .....                   (boots unavailable)
Stlth   ++........              (no amulet)
HPRegen 0.14/turn               v - ring of wizardry
MPRegen 0.17/turn               c - ring of positive energy

@: flying quickly and evasively, quick
A: reduced essence, beak, talons 3, nimble flight
a: Renounce Religion, Recall Ancestor, Ancestor Identity


You were on level 7 of the Dungeon.
You worshipped Hepliaklqana.
Hepliaklqana was pleased with you.
You visited 1 branch of the dungeon, and saw 7 of its levels.

You collected 320 gold pieces.

Inventory:

Hand Weapons
 f - a +0 short sword of electrocution
 k - a +1 spear of venom (weapon)
Missiles
 h - 10 poisoned darts
 q - 3 throwing nets
Armour
 a - a +0 robe (worn)
 j - a +0 cloak (worn)
 m - a +0 buckler
 n - a +2 pair of gloves (worn)
 u - a +2 robe of willpower
 y - the +3 ring mail "Empuf" {rF++ rC+ Int-2}
   (You found it on level 4 of the Dungeon)

   Int:       It affects your intelligence (-2).
   rF:        It greatly protects you from fire.
   rC:        It protects you from cold.
Jewellery
 c - a ring of positive energy (right hand)
 r - a +4 ring of slaying
 v - a ring of wizardry (left hand)
Wands
 d - a wand of polymorph (5)
 o - a wand of acid (7)
Scrolls
 e - 3 scrolls of teleportation
Potions
 b - a potion of magic
 g - a potion of resistance
 i - a potion of mutation
 l - a potion of cancellation
 p - 2 potions of lignification
 t - a potion of curing
 w - 2 potions of brilliance


   Skills:
 + Level 2.4 Fighting
 - Level 2.1 Dodging
 - Level 2.0 Stealth
 + Level 7.4 Spellcasting
 + Level 11.3 Summonings


You had 16 spell levels left.
You knew the following spells:

 Your Spells              Type           Power      Damage    Failure   Level
a - Summon Small Mammal   Summ           100%       N/A       1%          1
b - Call Imp              Summ           50%        N/A       1%          2
c - Call Canine Familiar  Summ           50%        N/A       1%          3

Your spell library contained the following spells:

 Spells                   Type           Power      Damage    Failure   Level
 Summon Guardian Golem    Hex/Summ       28%        N/A       1%          3
 Beastly Appendage        Tmut           14%        N/A       4%          1
 Summon Lightning Spire   Summ/Air       28%        N/A       4%          4
 Wereblood                Tmut           7%         N/A       6%          2
 Spider Form              Tmut/Pois      7%         N/A       12%         3


Dungeon Overview and Level Annotations

Branches:
Dungeon (7/15)
 Temple: D:4-7

Altars:
Ashenzari
Dithmenos
Elyvilon
Hepliaklqana
Kikubaaqudgha
Makhleb
Nemelex Xobeh
Ru
Sif Muna
Trog
Uskayaw
Wu Jian

Shops:
D:1 [   D:5 (

Portals:
Bailey: D:7

Annotations:
D:6 Grinder


Innate Abilities, Weirdness & Mutations

Your life essence is reduced to manifest your ancestor. (-10% HP)
You have a beak for a mouth.
You have claws for feet.
Your magical nature lets you fly swiftly and evasively.


Message History

Unknown command.
Your wolf is engulfed in a cloud of scalding steam.
Your wolf closely misses the goblin.
The goblin throws a boomerang.
The boomerang hits your wolf.
Unknown command.
You hit the steam dragon but do no damage.
The steam dragon is poisoned.
Your kick misses the steam dragon. Your peck misses the steam dragon.
Your wolf bites the goblin.
The goblin dies!
Your wolf closely misses the steam dragon.
The steam dragon breathes steam at you. The ball of steam hits you!
Unknown command.
Unknown command.
Unknown command.
You barely miss the steam dragon.
You are engulfed in a cloud of scalding steam.
* * * LOW HITPOINT WARNING * * *
Your wolf bites the steam dragon.
Eadburga points at the steam dragon and mumbles some strange words.
The steam dragon seems to slow down.
The steam dragon bites you!
* * * LOW HITPOINT WARNING * * *
The steam dragon misses you.
Your wolf bites the steam dragon but does no damage.
Your quokka barely misses the goblin.
The goblin misses your wolf.
Unknown command.
Unknown command.
Unknown command.
Unknown command.
Unknown command.
Unknown command.
Unknown command.
Unknown command.
Unknown command.
Your wolf barely misses the steam dragon.
Your quokka bites the goblin.
The goblin dies!
The steam dragon breathes steam at you. The ball of steam hits you!
You die...

.....≈.>.≈...
.....~.∩.~.. .
.......≈...≈.##..
.......≈≈~≈≈.....
.... ..r.(.......
..... #(#†.......
.....##§h§.§§#
.......D§R.§§#
.......§@..§##
.......(.§..#
..........#+####
.........).....#
...............#
...............#
...########'####
### #.# #.#


You could see the friendly Eadburga the hexer, a steam dragon (very poisoned,
slow, catching breath, ally target), a friendly wolf (summoned) and a friendly
quokka (summoned).

Vanquished Creatures
  A steam dragon (D:6)
  A water moccasin (D:6)
  An orc warrior (D:6)
  An ogre (D:5)
  A gnoll sergeant (D:6)
  A bullfrog (D:5)
  A necrophage (D:5)
  A howler monkey (D:6)
  A quasit (D:4)
  An orc priest (D:6)
  2 iguanas (D:5)
  4 gnolls
  6 adders
  4 white imps
  2 worms
  3 dart slugs
  7 orcs
  4 ball pythons
  3 bats
  8 endoplasms
  3 giant cockroaches
  2 goblins
  7 hobgoblins
  6 kobolds
  2 frilled lizards (D:3)
  3 rats
76 creatures vanquished.

Vanquished Creatures (collateral kills)
  A water moccasin (D:6)
  An orc warrior (D:6)
  An ice beast (D:6)
  3 ogres
  A centaur (D:5)
  A phantom (D:6)
  A bullfrog (D:7)
  A gnoll bouda (D:5)
  2 jellies
  An iguana (D:7)
  2 orc priests
  2 orc wizards
  11 gnolls
  2 adders (D:2)
  A worm (D:3)
  10 orcs
  6 endoplasms
  A giant cockroach (D:3)
  9 goblins
  6 hobgoblins
  5 kobolds
  2 quokkas
  2 ball pythons (D:1)
  A bat (D:3)
  A rat (D:3)
74 creatures vanquished.

Vanquished Creatures (others)
  3 ancestors (D:6)
  A demonic plant (D:4)
  6 fungi (D:3)
  7 toadstools (D:3)
17 creatures vanquished.

Grand Total: 167 creatures vanquished

Notes
Turn   | Place    | Note
-------+----------+-------------------------------------------
     0 | D:1      | BeingJoeMalik the Tengu Summoner began the quest for the
                  | Orb.
     0 | D:1      | Reached XP level 1. HP: 10/10 MP: 4/4
     6 | D:1      | Found a faded altar of an unknown god.
    23 | D:1      | Reached skill level 5 in Summonings
   417 | D:1      | Reached XP level 2. HP: 15/15 MP: 3/6
   420 | D:1      | Learned a level 2 spell: Call Imp
  1054 | D:1      | Found Tuiclewn's Antique Armour Emporium.
  1641 | D:2      | Reached XP level 3. HP: 19/19 MP: 4/7
  1645 | D:2      | Learned a level 3 spell: Call Canine Familiar
  1724 | D:2      | Reached skill level 6 in Summonings
  2435 | D:2      | Reached XP level 4. HP: 24/24 MP: 5/8
  2610 | D:2      | Reached skill level 7 in Summonings
  2890 | D:2      | Gained mutation: Your magical nature lets you fly swiftly
                  | and evasively. [Tengu growth]
  2890 | D:2      | Reached XP level 5. HP: 28/28 MP: 4/9
  3590 | D:3      | Found a shadowy altar of Dithmenos.
  3591 | D:3      | Found a bloodstained altar of Trog.
  3592 | D:3      | Found a hide-covered altar of Uskayaw.
  3593 | D:3      | Found a broken altar of Ashenzari.
  3593 | D:3      | Found an ornate altar of the Wu Jian Council.
  3594 | D:3      | Found an ancient bone altar of Kikubaaqudgha.
  3595 | D:3      | Found a white marble altar of Elyvilon.
  3595 | D:3      | Found a burning altar of Makhleb.
  3596 | D:3      | Found a shimmering blue altar of Sif Muna.
  3598 | D:3      | Found a sacrificial altar of Ru.
  3598 | D:3      | Found a hazy altar of Hepliaklqana.
  3611 | D:3      | Became a worshipper of Hepliaklqana the Forgotten
  3797 | D:3      | Reached skill level 1 in Fighting
  4151 | D:4      | Noticed an ogre
  4171 | D:4      | Killed an ogre
  4172 | D:4      | Reached XP level 6. HP: 34/34 MP: 4/11
  4752 | D:4      | Reached skill level 8 in Summonings
  4906 | D:4      | Identified the +3 ring mail "Empuf" {rF++ rC+ Int-2}
  5072 | D:4      | Reached * piety under Hepliaklqana
  5253 | D:4      | Reached XP level 7. HP: 36/36 MP: 13/13
  5255 | D:4      | Found a sparkling altar of Nemelex Xobeh.
  5281 | D:5      | Entered Level 5 of the Dungeon
  5922 | D:5      | Reached skill level 9 in Summonings
  6241 | D:5      | Reached skill level 5 in Spellcasting
  6248 | D:5      | Reached XP level 8. HP: 35/39 MP: 3/16
  6677 | D:5      | Found Xizom's Weapon Shoppe.
  7100 | D:6      | Reached skill level 10 in Summonings
  8098 | D:6      | Reached XP level 9. HP: 44/44 MP: 13/20
  8224 | D:6      | Noticed Grinder
  8524 | D:6      | Reached skill level 11 in Summonings
  8932 | D:6      | Reached ** piety under Hepliaklqana
  8933 | D:6      | Remembered your ancestor Eadburga as a hexer
  9192 | D:7      | Found a flagged portal.
  9204 | D:7      | Killed from afar by a steam dragon

Illustrated notes

Levels and vault maps discovered:
D:1:      lightli_arrival_maybe_door_vault, layout_basic, serial_shops, shop,
          ebering_ecumenical_altar_webs, kennysheep_pointless_box, st_stairs_4,
          nicolae_figureground_pulse
D:2:      layout_loops_cross, minmay_misc_feat_ornament
D:3:      cheibrodos_fertilizer, layout_basic, nicolae_overflows_in_rows,
          minmay_pentangle
D:4:      layout_loops_corners, nemelex_dance_club_becter, serial_demonic,
          serial_demonic_e, serial_demonic_b, serial_demonic_b, serial_demonic_c
D:5:      layout_basic, serial_shops, nicolae_shop_bloodbath_and_beyond
D:6:      layout_loops_ring, minmay_temple_entry_enclosed_plants,
          hangedman_minor_gate_pass, uniq_grinder
D:7:      layout_basic, enter_bailey_5

Skill      XL: |  1  2  3  4  5  6  7  8  9 |
---------------+----------------------------+-----
Summonings     | 5 6 7 8 9 10 11 | 11.3
Fighting       | 1 2 |  2.4
Spellcasting   | 3 5 6 7 |  7.4
Dodging        | |  2.1
Stealth        | |  2.0

Action                   |  1- 3 |  4- 6 |  7- 9 || total
-------------------------+-------+-------+-------++-------
Melee: Unarmed           |     5 |       |       ||     5
       Kick              |     9 |    14 |    19 ||    42
       Peck              |     5 |     7 |    11 ||    23
       Short sword       |    26 |       |       ||    26
       Spear             |     7 |    86 |   107 ||   200
       Punch             |     1 |       |       ||     1
 Cast: Summon Small Mamm |    42 |    35 |    25 ||   102
       Call Imp          |     1 |    10 |    24 ||    35
       Call Canine Famil |       |     6 |    35 ||    41
Invok: Recall Ancestor   |       |       |     3 ||     3
       Ancestor Life: He |       |       |     1 ||     1
Evoke: Wand              |       |       |     1 ||     1
  Use: Scroll            |       |     8 |    11 ||    19
       Potion            |       |       |     2 ||     2
 Stab: Sleeping          |     2 |     7 |     4 ||    13
       Distracted        |       |     1 |     2 ||     3
Armor: Robe              |     7 |    10 |     9 ||    26
Dodge: Dodged            |    22 |    26 |    47 ||    95
